 Dungeon Crawl Stone Soup version 0.31-a0-986-g5e6e4ef867 (webtiles) character file.

Game seed: 17489952033199457451

196 Maratek the Trooper (level 5, 0/42 HPs)
             Began as a Demonspawn Fighter on Nov 3, 2023.
             Slain by an orc priest
             ... wielding a +0 hand axe
              (4 damage)
             ... on level 3 of the Dungeon.
             The game lasted 00:01:47 (1603 turns).

Maratek the Trooper (Demonspawn Fighter)            Turns: 1603, Time: 00:01:47

Health: 0/42       AC:  6    Str: 18    XL:     5   Next: 45%
Magic:  5/5        EV:  9    Int:  9    God:
Gold:   62         SH:  0    Dex: 13    Spells: 4/4 levels left

rFire   . . .        o - +0 scythe
rCold   . . .        (shield currently unavailable)
rNeg    . . .        b - +0 scale mail
rPois   .            (no helmet)
rElec   .            (no cloak)
rCorr   .            (no gloves)
SInv    .            (no boots)
Will    .....        k - amulet of regeneration Stlth
                     (no ring)
HPRegen 1.07/turn    (no ring)
MPRegen 0.09/turn

%: no passive effects
@: confused
A: powered by pain 1, condensation shield, demonic touch 1
a: no special abilities


You were on level 3 of the Dungeon.
You visited 1 branch of the dungeon, and saw 3 of its levels.

You collected 62 gold pieces.

Inventory:

Hand Weapons
 a - a +0 trident
 o - a +0 scythe (weapon)
Armour
 b - a +0 scale mail (worn)
Jewellery
 k - an amulet of regeneration (around neck)
Scrolls
 c - a scroll of immolation
Potions
 d - a potion of might
 e - a potion of mutation {unknown}
 g - 4 potions of heal wounds {unknown}
 i - a potion of enlightenment {unknown}
 l - a potion of magic {unknown}
 m - 3 potions of curing {unknown}


   Skills:
 + Level 3.7 Fighting
 + Level 3.7 Polearms
 + Level 3.3 Armour
 + Level 0.4 Dodging
 + Level 3.3 Shields


You had 4 spell levels left.
You didn't know any spells.
Your spell library contained the following spells:

 Spells                   Type           Power      Damage    Failure   Level
 Freeze                   Ice            0%         1d3       77%         1
 Slow                     Hex            0%         N/A       77%         1
 Confusing Touch          Hex            0%         N/A       98%         3
 Frozen Ramparts          Ice            0%         1d1       98%         3
 Hailstorm                Conj/Ice       0%         3d3       98%         3
 Sigil of Binding         Hex            0%         N/A       98%         3
 Vampiric Draining        Necr           0%         2d6       98%         3


Dungeon Overview and Level Annotations

Branches:
Dungeon (3/15)

Altars:


Innate Abilities, Weirdness & Mutations

You sometimes gain a little power by taking damage.
A meltable shield of frost defends you. (SH +4)
Your touch may inflict minor irresistible damage on your foes.


Message History

The orc wizard hits you with a +0 dagger.
The orc priest barely misses you. The orc hits you with a +0 flail.
The orc hits you with a +3 flail. You block the orc priest's attack.
The orc wizard hits you but does no damage.
The orc hits you but does no damage.
You completely miss the orc wizard. The bat completely misses you.
The bat hits you but does no damage. x2; The orc hits you with a +3 flail!
The orc priest hits you but does no damage.
The orc wizard hits you but does no damage.
The orc hits you with a +0 flail.
* * * LOW HITPOINT WARNING * * *
You are too injured to fight recklessly!
You are too injured to fight recklessly!
You are too injured to fight recklessly!
You are too injured to fight recklessly!
You hit the orc wizard but do no damage.
You block the bat's attack. The bat hits you but does no damage.
The orc barely misses you. The orc hits you with a +0 flail.
* * * LOW HITPOINT WARNING * * *
The orc wizard gestures at you while chanting.
You are confused.
The orc priest hits you but does no damage.
You closely miss the orc wizard. The orc barely misses you.
The bat barely misses you.
The orc wizard hits you but does no damage.
The orc priest hits you with a +0 hand axe.
* * * LOW HITPOINT WARNING * * *
The orc hits you with a +0 flail.
* * * LOW HITPOINT WARNING * * *
The orc closely misses you.
The orc priest hits you but does no damage.
The orc wizard hits you with a +0 dagger.
* * * LOW HITPOINT WARNING * * *
The orc barely misses you.
You miss the orc. The bat closely misses you.
The orc hits you but does no damage. The orc closely misses you.
The orc wizard hits you with a +0 dagger.
* * * LOW HITPOINT WARNING * * *
The orc priest hits you with a +0 hand axe.
You die...

### #.# .. ..# .. ...
#######.##.#### ....
...............
....#########.#####.#.#
...............<.......
............#######....
......oob.......... .
......o@....#######
####.#o###### #. #. ..
.. ###


You could see an orc priest, an orc wizard, 2 orcs and a bat.

Vanquished Creatures
  Sigmund (D:2)
  A dart slug (D:1)
  An orc (D:3)
  3 bats
  3 endoplasms
  3 giant cockroaches
  3 hobgoblins
  5 ball pythons
  4 frilled lizards (D:2)
  3 kobolds
  3 rats
30 creatures vanquished.

Notes
Turn   | Place    | Note
-------+----------+-------------------------------------------
     0 | D:1      | Maratek the Demonspawn Fighter began the quest for the Orb.
     0 | D:1      | Reached XP level 1. HP: 18/18 MP: 1/1
   328 | D:1      | Gained mutation: You sometimes gain a little power by
                  | taking damage. [demonic ancestry]
   328 | D:1      | Reached XP level 2. HP: 21/24 MP: 2/2
   998 | D:2      | Noticed Sigmund
  1019 | D:2      | Killed Sigmund
  1020 | D:2      | Gained mutation: A meltable shield of frost defends you.
                  | (SH +4) [demonic ancestry]
  1020 | D:2      | Reached XP level 3. HP: 13/30 MP: 3/3
  1020 | D:2      | Reached XP level 4. HP: 16/37 MP: 4/4
  1020 | D:2      | Gained mutation: Your touch may inflict minor irresistible
                  | damage on your foes. [demonic ancestry]
  1020 | D:2      | Reached XP level 5. HP: 18/42 MP: 5/5
  1603 | D:3      | Slain by an orc priest

Illustrated notes

Levels and vault maps discovered:
D:1:      dpeg_arrival_round_b, layout_basic, serial_bayou_lagoon_b
D:2:      layout_rooms, minmay_mini_jars, uniq_sigmund
D:3:      layout_basic, nicolae_qazlal_style_of_elements,
          ashenzari_conservatory_becter, worldfamousw_hep_ancestral_shrine,
          nicolae_elyvilon_temple_path, nicolae_uskayaw_en_pointe,
          chequers_temple_overflow_statue_of_worship, uniq_robin

Skill      XL: |  1  2 |
---------------+-------+-----
Polearms       | 2 3 |  3.7
Shields        | 3 |  3.3
Armour         | 3 |  3.3
Fighting       | |  3.7
Dodging        | |  0.4

Action                     |  1- 3 |  4- 6 || total
---------------------------+-------+-------++-------
  Melee: Trident           |    84 |       ||    84
         Halberd           |       |    40 ||    40
    Use: Scroll            |       |     6 ||     6
 Armour: Scale mail        |    52 |    51 ||   103
  Dodge: Dodged            |    33 |    37 ||    70
  Block: Buckler           |    17 |       ||    17
         Other             |       |    11 ||    11

Table legend: (Time is in decaauts)
 A = Elapsed time spent in this place.
 B = Non-inter-level travel time spent in this place.
 C = Inter-level travel time spent in this place.
 D = Time resting spent in this place.
 E = Time spent auto-exploring this place.
 F = Levels seen in this place.
 G = Mean time per level.
                   A        B        C        D        E       F      G
               +--------+--------+--------+--------+--------+-----+--------+
         Total |   1646 |   1554 |     92 |      0 |   1279 |   3 |  548.7 |
       Dungeon |   1646 |   1554 |     92 |      0 |   1279 |   3 |  548.7 |
               +--------+--------+--------+--------+--------+-----+--------+

Top non-repeatable levels by time:
     D:1: 850 daAuts
     D:2: 764 daAuts
     D:3: 31 daAuts
